 Dungeon Crawl Stone Soup version 0.30-a0-141-g30f27751c5 (webtiles) character file.

Game seed: 12075816840879286663

308 qw the Chopper (level 6, -3/40 HPs)
             Began as a Gargoyle Fighter on Sept 25, 2022.
             Slain by Edmund
             ... wielding a +2 flail of holy wrath
              (6 damage)
             ... on level 4 of the Dungeon.
             The game lasted 00:01:17 (2806 turns).

qw the Chopper (Gargoyle Fighter)                   Turns: 2806, Time: 00:01:17

Health: -3/40      AC: 14    Str: 20 (21) XL:     6   Next: 40%
Magic:  6/6        EV:  7    Int:  9      God:
Gold:   161        SH:  4    Dex:  9      Spells: 5/5 levels left

rFire   . . .      SeeInvis .    Y - +1 war axe
rCold   . . .      Faith    .    c - +0 buckler
rNeg    + . .      Spirit   .    k - +0 chain mail
rPois   inf        Reflect  .    (no helmet)
rElec   +          Harm     .    h - +0 cloak
rCorr   .          Rampage  .    (no gloves)
Will    .....                    (no boots)
Stlth   ..........               l - amulet of regeneration
HPRegen 0.93/turn                (no ring)
MPRegen 0.10/turn                (no ring)

@: no status effects
A: sickness immunity, AC +4, negative energy resistance 1, electricity
resistance, torment resistance 1, petrification resistance
a: no special abilities


You were on level 4 of the Dungeon.
You visited 1 branch of the dungeon, and saw 4 of its levels.

You collected 161 gold pieces.


Innate Abilities, Weirdness & Mutations

You are immune to sickness and miasma.
Your stone body is resilient. (AC +4)
You are immune to poison.
You resist negative energy. (rN+)
You are resistant to electric shocks. (rElec)
You are resistant to unholy torment.
You are immune to petrification.


   Skills:
 - Level 4.8 Fighting
 + Level 5.2 Axes
 - Level 3.2 Armour
 - Level 3.2 Shields


You had 5 spell levels left.
You didn't know any spells.
Your spell library was empty.

Inventory:

Hand Weapons
 e - a +0 flail
 Y - a +1 war axe (weapon)
Armour
 a - a +0 pair of gloves
 c - a +0 buckler (worn)
 h - a +0 cloak (worn)
 k - a +0 chain mail (worn)
Jewellery
 l - an amulet of regeneration (around neck)
Scrolls
 g - a scroll of identify
Potions
 b - a potion of attraction
 d - 2 potions of might
 f - 2 potions of heal wounds {unknown}
 i - a potion of curing {unknown}
 j - a potion of mutation {unknown}
 m - a potion of lignification {unknown}

Dungeon Overview and Level Annotations

Branches:
Dungeon (4/15)
 Temple: D:4-7

Altars:
Sif Muna
Yredelemnul

Annotations:
D:3 1 transporter, qw's ghost, amateur GrFi
D:4 Edmund


Message History

The hound closely misses you.
Edmund hits you with a +2 flail of holy wrath.
The hound bites you but does no damage.
You closely miss the hound.
The hound is moderately wounded.
You barely miss Edmund. The hound bites you but does no damage.
Edmund hits you with a +2 flail of holy wrath.
The hound closely misses you.
You closely miss the hound.
The hound is moderately wounded.
You hit Edmund. Edmund hits you but does no damage.
The hound bites you but does no damage.
Edmund hits you with a +2 flail of holy wrath!
The hound barely misses you.
You hit Edmund but do no damage.
Edmund is moderately wounded.
You closely miss the hound. The hound bites you but does no damage.
Edmund barely misses you.
You hit Edmund.
Edmund is moderately wounded.
You hit the hound. The hound bites you. The hound bites you but does no damage.
Edmund closely misses you.
You slash Edmund!
Edmund is severely wounded.
You slash the hound! The hound bites you.
The hound bites you but does no damage. Edmund hits you but does no damage.
The hound barely misses you. You block Edmund's attack.
You hit the hound but do no damage.
The hound is almost dead.
You hit Edmund but do no damage. The hound closely misses you.
Edmund hits you but does no damage.
You barely miss the hound.
The hound is almost dead.
You hit Edmund. The hound bites you. The hound barely misses you.
Edmund hits you with a +2 flail of holy wrath.
You die...

...~~P... #.# ..
....P.... ###.# ..
........## #...# #.#
#..#.#..####.#.# #..
................ #..
..........##.#.. #####..
.###.....##.#.#
.....o@######.....##.#..
#.....h@))?.#......#.###
....#..)###.#......#.# #
#.... #..........#
..#############.### ###
... #.## #


You could see Edmund, a hound and an orc.

Vanquished Creatures
  A phantom (D:4)
  A gnoll bouda (D:4)
  An orc wizard (D:4)
  4 gnolls (D:4)
  A river rat (D:3)
  5 adders
  An ufetubus (D:4)
  2 worms
  3 dart slugs
  An orc (D:4)
  5 endoplasms
  A giant cockroach (D:3)
  7 goblins
  6 hobgoblins
  7 jackals
  5 quokkas
  6 ball pythons
  5 bats
  A frilled lizard (D:1)
  10 kobolds
  6 rats
79 creatures vanquished.

Vanquished Creatures (others)
  A plant (D:4)
1 creature vanquished.

Grand Total: 80 creatures vanquished

Notes
Turn   | Place    | Note
-------+----------+-------------------------------------------
     0 | D:1      | qw the Gargoyle Fighter began the quest for the Orb.
     0 | D:1      | Reached XP level 1. HP: 14/14 MP: 1/1
     0 | D:1      | 0 ||| qw: Version: 0.2-a-10-g399e6c4
     0 | D:1      | 0 ||| qw: Game counter: 287
     0 | D:1      | 0 ||| qw: Always use a shield: true
     0 | D:1      | 0 ||| qw: God list: Okawaru
     0 | D:1      | 0 ||| qw: Allow faded altars: false
     0 | D:1      | 0 ||| qw: Do Orc after D:15 true
     0 | D:1      | 0 ||| qw: Do second Lair branch before Depths: true
     0 | D:1      | 0 ||| qw: Lair rune preference: random
     0 | D:1      | 0 ||| qw: Plans: Normal, Zot:1-4, God:TSO, Crypt, Tomb,
                  | Pan, Slime:5, Hells, Abyss, Orb
     0 | D:1      | 0 ||| PLANNING D:1-11
    16 | D:1      | 16 ||| Stepping ~*~*~tactically~*~*~ (stealth).
    17 | D:1      | 17 ||| Stepping ~*~*~tactically~*~*~ (stealth).
    81 | D:1      | Reached skill level 2 in Axes
   101 | D:1      | Reached XP level 2. HP: 19/19 MP: 2/2
   537 | D:1      | Reached skill level 3 in Axes
   537 | D:1      | 537 ||| Stepping ~*~*~tactically~*~*~ (stealth).
   543 | D:1      | Reached XP level 3. HP: 23/23 MP: 3/3
   902 | D:1      | 902 ||| UPGRADING to +0 cloak.
   907 | D:1      | 907 ||| UPGRADING to +0 chain mail.
   917 | D:1      | 917 ||| DROPPING +0 scale mail.
   918 | D:1      | 918 ||| UPGRADING to amulet of regeneration.
   923 | D:1      | 923 ||| READING scroll labelled VOCOEH GEINGA.
   924 | D:1      | 924 ||| READING scroll labelled GUQEHY XAUCLOG.
   925 | D:1      | 925 ||| READING scroll labelled KELUIT ZOHY.
   997 | D:2      | Found a faded altar of an unknown god.
  1070 | D:2      | Found a shimmering blue altar of Sif Muna.
  1119 | D:2      | Reached XP level 4. HP: 28/28 MP: 4/4
  1251 | D:2      | Identified the +1 leather armour "Wedwi" {rElec Will++
                  | Str-5 Stlth-}
  1290 | D:2      | 1290 ||| Stepping ~*~*~tactically~*~*~ (hiding).
  1563 | D:2      | 1563 ||| READING scroll labelled QAISTU FEL FOU.
  1564 | D:2      | 1564 ||| READING scroll labelled YNYTSU XAEJUA.
  1565 | D:2      | 1565 ||| READING scroll labelled NYHIQIQUENG.
  1566 | D:2      | 1566 ||| READING scroll labelled LUAFYA EDUMISE.
  1567 | D:2      | 1567 ||| READING scroll labelled KUTYUGGYIFI.
  1568 | D:2      | 1568 ||| DRINKING 3 clear potions.
  1569 | D:2      | 1569 ||| DROPPING 2 potions of degeneration.
  1575 | D:3      | 1575 ||| PLANNING SEWER
  1584 | D:3      | Found a transporter.
  1584 | D:3      | Identified the +4 dire flail "Niodonla" {freeze, *Corrode
                  | Str+3 Dex+4}
  1584 | D:3      | Noticed an ogre
  1584 | D:3      | Noticed qw's ghost (amateur GrFi)
  1586 | D:3      | Noticed an ogre
  1588 | D:3      | Noticed an ogre
  1626 | D:3      | Reached skill level 4 in Axes
  1772 | D:3      | 1772 ||| Stepping ~*~*~tactically~*~*~ (hiding).
  1869 | D:3      | 1869 ||| Stepping ~*~*~tactically~*~*~ (hiding).
  1873 | D:3      | 1873 ||| Stepping ~*~*~tactically~*~*~ (hiding).
  2003 | D:3      | 2003 ||| Stepping ~*~*~tactically~*~*~ (stealth).
  2226 | D:3      | 2226 ||| RIP SEWER
  2230 | D:3      | 2230 ||| PLANNING D:1-11
  2512 | D:3      | 2512 ||| READING scroll labelled BAUPAPSUCK.
  2516 | D:3      | 2516 ||| READING 4 scrolls of identify.
  2516 | D:3      | 2516 ||| IDENTIFYING amethyst potion
  2517 | D:3      | 2517 ||| READING 3 scrolls of identify.
  2517 | D:3      | 2517 ||| IDENTIFYING glowing emerald potion
  2518 | D:3      | 2518 ||| READING 2 scrolls of identify.
  2518 | D:3      | 2518 ||| IDENTIFYING metallic golden potion
  2519 | D:3      | 2519 ||| DROPPING potion of flight.
  2520 | D:3      | 2520 ||| DROPPING potion of magic.
  2531 | D:4      | 2531 ||| STAIRDANCE
  2537 | D:3      | Reached XP level 5. HP: 32/32 MP: 5/5
  2579 | D:4      | Found a basalt altar of Yredelemnul.
  2603 | D:4      | 2603 ||| Stepping ~*~*~tactically~*~*~ (hiding).
  2616 | D:4      | Reached skill level 5 in Axes
  2631 | D:4      | 2631 ||| DROPPING +0 whip.
  2695 | D:4      | Noticed a phantom
  2696 | D:4      | 2696 ||| Stepping ~*~*~tactically~*~*~ (stealth).
  2698 | D:4      | 2698 ||| Stepping ~*~*~tactically~*~*~ (stealth).
  2713 | D:4      | Killed a phantom
  2714 | D:4      | Reached XP level 6. HP: 40/40 MP: 6/6
  2779 | D:4      | 2779 ||| Stepping ~*~*~tactically~*~*~ (hiding).
  2786 | D:4      | Noticed Edmund
  2789 | D:4      | 2789 ||| Stepping ~*~*~tactically~*~*~ (stealth).
  2801 | D:4      | HP: 4/40 [Edmund/+2 flail of holy wrath (9)]
  2806 | D:4      | HP: 3/40 [hound (2)]
  2806 | D:4      | Slain by Edmund

Levels and vault maps discovered:
D:1:      kennysheep_arrival_forest, layout_basic
D:2:      layout_basic, ebering_ecumenical_altar_mist, basic_altar
D:3:      layout_basic, gup_sewer_entry_bowl, gammafunk_ghost_smash,
          nrook_campfire
D:4:      minmay_clustersquares, layout_basic, tso_oasis_becter,
          mainiacjoe_overflow_small_starburst, grunt_ministairs_13,
          chequers_serial_rivers_large_b, minivault_24, uniq_edmund

Skill      XL: |  1  2  3  4  5 |
---------------+----------------+-----
Axes           | 2 3 4 5 |  5.2
Fighting       | 4 |  4.8
Armour         | |  3.2
Shields        | |  3.2

Action                   |  1- 3 |  4- 6 || total
-------------------------+-------+-------++-------
Melee: War axe           |    87 |   158 ||   245
  Use: Scroll            |     3 |     9 ||    12
       Potion            |       |     1 ||     1
Armor: Scale mail        |    14 |       ||    14
       Chain mail        |    27 |   111 ||   138
Dodge: Dodged            |    30 |    55 ||    85
Block: Buckler           |    16 |    22 ||    38

Table legend:
 A = Non-vault XP
 B = Vault XP
 C = Vault XP percentage of total XP
 D = Non-vault monster count
 E = Vault monster count
 F = Vault count percentage of total count
                 A         B        C        D         E       F
            +---------+---------+-------+---------+---------+-------
      Total |     418 |      22 |   5.0 |      75 |       4 |   5.1
            +---------+---------+-------+---------+---------+-------
        D:1 |      40 |       0 |   0.0 |      26 |       0 |   0.0
        D:2 |      52 |       0 |   0.0 |      13 |       0 |   0.0
        D:3 |      53 |      20 |  27.4 |      17 |       3 |  15.0
        D:4 |     273 |       2 |   0.7 |      19 |       1 |   5.0
            +---------+---------+-------+---------+---------+-------
